 Dungeon Crawl Stone Soup version 0.24.1-14-gf8d2b509d9 (console) character file.

Game seed: 13148817288057260442, levelgen mode: deterministic

67 Kagalorn the Covered (level 4, 0/38 HPs)
             Began as a Gnoll Wanderer on Dec 6, 2022.
             Succumbed to a goblin's poison
             ... on level 2 of the Dungeon.
             The game lasted 00:02:58 (1006 turns).

Kagalorn the Covered (Gnoll Wanderer)               Turns: 1006, Time: 00:02:59

Health: 0/38       AC:  9    Str: 13    XL:     4   Next: 18%
Magic:  5/5        EV:  9    Int: 15    God:
Gold:   43         SH:  5    Dex: 16    Spells: 5/5 levels left

rFire    . . .     SeeInvis .   a - +0 mace
rCold    . . .     Gourm    .   c - +0 buckler
rNeg     . . .     Faith    .   b - +2 scale mail
rPois    .         Spirit   .   (no helmet)
rElec    .         Reflect  .   (no cloak)
rCorr    .         Harm     .   (no gloves)
MR       .....                  (no boots)
Stlth    +.........             (no amulet)
HPRegen  0.12/turn              (no ring)
MPRegen  0.09/turn              (no ring)

@: lethally poisoned (0 -> -14)
A: distributed training, fangs 1, strong nose
a: no special abilities


You were on level 2 of the Dungeon.
You were hungry.

You visited 1 branch of the dungeon, and saw 2 of its levels.

You collected 43 gold pieces.

Inventory:

Hand Weapons
 a - a +0 mace (weapon)
Missiles
 g - 43 sling bullets
 i - 31 stones (quivered)
Armour
 b - a +2 scale mail (worn)
 c - a +0 buckler (worn)
Scrolls
 h - a scroll of remove curse
 k - a scroll of fear {unknown}
 l - a scroll of random uselessness {unknown}
 m - a scroll of blinking {unknown}
Comestibles
 d - 2 rations
 j - 2 chunks of flesh


   Skills:
 + Level 4.6 Fighting
 + Level 1.0 Short Blades
 + Level 1.0 Long Blades
 + Level 1.0 Axes
 + Level 1.0 Maces & Flails
 + Level 1.0 Polearms
 + Level 2.7 Staves
 + Level 1.0 Slings
 + Level 2.7 Bows
 + Level 1.0 Crossbows
 + Level 1.0 Throwing
 + Level 6.6 Armour
 + Level 1.0 Dodging
 + Level 2.5 Stealth
 + Level 4.6 Shields
 + Level 1.0 Unarmed Combat
 + Level 1.0 Spellcasting
 + Level 0.8 Conjurations
 + Level 0.8 Hexes
 + Level 0.8 Charms
 + Level 0.8 Summonings
 + Level 0.8 Necromancy
 + Level 0.8 Translocations
 + Level 0.8 Transmutations
 + Level 0.8 Fire Magic
 + Level 0.8 Ice Magic
 + Level 0.8 Air Magic
 + Level 0.8 Earth Magic
 + Level 0.8 Poison Magic
 + Level 1.1 Invocations
 + Level 1.0 Evocations


You had 5 spell levels left.
You didn't know any spells.
Your spell library was empty.

Dungeon Overview and Level Annotations

Branches:
Dungeon (2/15)

Altars:


Innate Abilities, Weirdness & Mutations

Your experience applies equally to all skills.
You have very sharp teeth.
Your uncanny sense of smell can sniff out nearby items.


Message History

* * * LOW HITPOINT WARNING * * *
As you read the scroll labeled BAENUPHU GIEGU, it crumbles to dust.
It is a scroll of identify.
h - a scroll of remove curse You block the quokka's attack.
You block the goblin's attack. The quokka barely misses you.
The hobgoblin closely misses you.
* * * LOW HITPOINT WARNING * * *
You feel sick. The goblin closely misses you.
* * * LOW HITPOINT WARNING * * *
You feel sick.
The goblin throws a poisoned dart.
The poisoned dart hits you.
You are more poisoned.
You see here a poisoned dart.
* * * LOW HITPOINT WARNING * * *
You feel sick.
* * * LOW HITPOINT WARNING * * *
You feel sick.
The goblin throws a poisoned dart.
The poisoned dart hits you.
You are more poisoned.
The quokka closely misses you.
You see here a poisoned dart.
You die...

.........###......###÷###...# ..#
..........##......#.....#.......#
........#..#......#...>.#...#.#.#
.......###.#..................#.#
#.....# #.#......#.....#.#..##..
##### #.######.#.....#.#...##.
#........###.###.#... ..
######..................
#.@...............
#..#(r####...##.#.#.
#.###gs...........#. ...
#..(..#..###..... #.##
#..gS......#..... #.
#.....(###....# . .
#...####.gr.##..### . #.##
####.((..##. ... ..........†...


You could see an adder (inner flame), a quokka (inner flame), a giant cockroach
(inner flame), a hobgoblin (inner flame) and 2 goblins.

Vanquished Creatures
  3 adders (D:2)
  A worm (D:2)
  A dart slug (D:2)
  3 leopard geckos
  2 bats
  4 giant cockroaches (D:1)
  4 goblins
  3 hobgoblins
  2 frilled lizards (D:1)
  4 kobolds (D:1)
  8 rats
35 creatures vanquished.

Notes
Turn   | Place    | Note
-------+----------+-------------------------------------------
     0 | D:1      | Kagalorn the Gnoll Wanderer began the quest for the Orb.
     0 | D:1      | Kagalorn set off with the following items: a +0 mace, a +2
                  | scale mail, a +0 buckler, a ration
     0 | D:1      | Reached XP level 1. HP: 20/20 MP: 1/1
   178 | D:1      | Reached XP level 2. HP: 26/26 MP: 2/2
   792 | D:2      | Reached XP level 3. HP: 31/31 MP: 3/3
   862 | D:2      | Reached skill level 1 in Invocations
   948 | D:2      | Reached skill level 1 in Short Blades
   948 | D:2      | Reached skill level 1 in Long Blades
   948 | D:2      | Reached skill level 1 in Axes
   948 | D:2      | Reached skill level 1 in Maces & Flails
   948 | D:2      | Reached skill level 1 in Polearms
   948 | D:2      | Reached skill level 1 in Slings
   948 | D:2      | Reached skill level 1 in Crossbows
   948 | D:2      | Reached skill level 1 in Throwing
   948 | D:2      | Reached skill level 1 in Dodging
   948 | D:2      | Reached skill level 1 in Unarmed Combat
   948 | D:2      | Reached skill level 1 in Spellcasting
   948 | D:2      | Reached skill level 1 in Evocations
   948 | D:2      | Reached XP level 4. HP: 27/38 MP: 5/5
  1005 | D:2      | HP: 1/38 [poisoned by a goblin]
  1006 | D:2      | Succumbed to a goblin's poison

Levels and vault maps discovered:
D:1:      psy_arrival_conway, layout_basic
D:2:      layout_rooms, kiku_gazebo_garden_becter, st_stairs_3

Skill      XL: |  1  2  3 |
---------------+----------+-----
Invocations    | 1 |  1.1
Short Blades   | 1 |  1.0
Long Blades    | 1 |  1.0
Axes           | 1 |  1.0
Maces & Flails | 1 |  1.0
Polearms       | 1 |  1.0
Slings         | 1 |  1.0
Crossbows      | 1 |  1.0
Throwing       | 1 |  1.0
Dodging        | 1 |  1.0
Unarmed Combat | 1 |  1.0
Spellcasting   | 1 |  1.0
Evocations     | 1 |  1.0
Fighting       | |  4.6
Staves         | |  2.7
Bows           | |  2.7
Armour         | |  6.6
Stealth        | |  2.5
Shields        | |  4.6
Conjurations   | |  0.8
Hexes          | |  0.8
Charms         | |  0.8
Summonings     | |  0.8
Necromancy     | |  0.8
Translocations | |  0.8
Transmutations | |  0.8
Fire Magic     | |  0.8
Ice Magic      | |  0.8
Air Magic      | |  0.8
Earth Magic    | |  0.8
Poison Magic   | |  0.8

Action                   |  1- 3 |  4- 6 || total
-------------------------+-------+-------++-------
Melee: Mace              |   111 |    17 ||   128
       Bite              |     5 |     1 ||     6
  Use: Scroll            |       |     2 ||     2
Armor: Scale mail        |    73 |    15 ||    88
Dodge: Dodged            |    65 |    15 ||    80
Block: Buckler           |    38 |    13 ||    51
